 Dungeon Crawl Stone Soup version 0.25.1-2-g60ff931df9 (webtiles) character file.

Game seed: 1436637808459254896

2706 DildoBatman the Conjurer (level 9, -8/64 HPs)
             Began as a Formicid Wizard on Aug 16, 2020.
             Was a Believer of Kikubaaqudgha.
             Blown up by a wight (25 damage)
             ... with a disintegration bolt
             ... on level 7 of the Dungeon.
             The game lasted 00:37:22 (8246 turns).

DildoBatman the Conjurer (Formicid Wizard)          Turns: 8246, Time: 00:37:23

Health: -8/64      AC:  3    Str: 13    XL:     9   Next: 97%
Magic:  6/17       EV: 13    Int: 20    God:    Kikubaaqudgha [**....]
Gold:   419        SH:  0    Dex:  9    Spells: 11/18 levels left

rFire    . . .     SeeInvis +   a - +0 hunting sling
rCold    . . .     Gourm    .   (no shield)
rNeg     + . .     Faith    .   u - +0 robe
rPois    .         Spirit   .   (helmet unavailable)
rElec    .         Reflect  .   E - +0 cloak
rCorr    .         Harm     .   (no gloves)
MR       .....                  (no boots)
Stlth    ++........             (no amulet)
HPRegen  0.20/turn              t - ring of teleportation (curse)
MPRegen  0.15/turn              H - ring of positive energy

@: very slightly contaminated
A: permanent stasis, dig shafts and tunnels, four strong arms, antennae 3
a: Dig, Shaft Self, Receive Corpses, Renounce Religion


You were on level 7 of the Dungeon.
You worshipped Kikubaaqudgha.
Kikubaaqudgha was pleased with you.
You were not hungry.

You visited 2 branches of the dungeon, and saw 8 of its levels.
You also visited: Sewer and Ossuary.

You collected 419 gold pieces.

Inventory:

Hand Weapons
 a - a +0 hunting sling (weapon)
 b - a +3 dagger of holy wrath
 d - a +1 dagger of venom
 e - a +0 halberd
 f - a +2 whip of freezing
Missiles
 h - 90 stones (quivered)
 n - 139 arrows
 z - 6 boomerangs
 M - 9 sling bullets
 Q - 3 javelins
Armour
 u - a +0 robe (worn)
 E - a +0 cloak (worn)
 T - a +0 ring mail of fire resistance
Magical Staves
 g - an uncursed staff of summoning
Jewellery
 t - a cursed ring of teleportation (left hand)
 H - a ring of positive energy (right hand)
Wands
 B - a wand of disintegration (11)
 I - a wand of acid (9)
 J - a wand of polymorph (10)
Scrolls
 i - a scroll of teleportation {unknown}
 m - 2 scrolls of random uselessness {unknown}
 q - 2 scrolls of enchant armour {unknown}
 s - 2 scrolls of enchant weapon {unknown}
 x - 6 scrolls of remove curse
 y - 2 scrolls of noise {unknown}
 C - a scroll of magic mapping
 F - a scroll of blinking {unknown}
 G - 2 scrolls of identify
 L - a scroll of fog {unknown}
 P - a scroll of immolation {unknown}
 R - 2 scrolls of amnesia
 S - a scroll of summoning {unknown}
Potions
 c - a potion of invisibility {unknown}
 j - 5 potions of heal wounds
 k - a potion of lignification {unknown}
 l - 6 potions of curing
 p - 2 potions of brilliance
 r - 2 potions of berserk rage {unknown}
 w - a potion of ambrosia {unknown}
 A - 2 potions of mutation {unknown}
 D - a potion of degeneration {unknown}
 K - 2 potions of stabbing {unknown}
 N - a potion of might {unknown}
 U - 5 potions of flight
Comestibles
 o - 3 chunks of flesh
 v - 8 rations


   Skills:
 * Level 3.6 Fighting
 * Level 3.7 Armour
 * Level 3.6 Dodging
 - Level 2.4 Stealth
 * Level 5.4 Spellcasting
 - Level 6.0 Conjurations
   Level 1.0 Summonings
   Level 0.8 Translocations
 - Level 5.0 Fire Magic
 - Level 5.0 Air Magic


You had 11 spell levels left.
You knew the following spells:

 Your Spells              Type           Power        Failure   Level  Hunger
a - Conjure Flame         Conj/Fire      ####....     3%          3    ##.....
c - Magic Dart            Conj           ####         1%          1    None
e - Mephitic Cloud        Conj/Pois/Air  ###.....     8%          3    ##.....

Your spell library contained the following spells:

 Spells                   Type           Power        Failure   Level  Hunger
 Corpse Rot               Necr/Air       N/A          6%          2    None
 Apportation              Tloc           #.....       8%          1    None
 Summon Small Mammal      Summ           #...         8%          1    None
 Animate Skeleton         Necr           N/A          11%         1    None
 Corona                   Hex            #......      11%         1    None
 Pain                     Necr           #...         11%         1    None
 Call Imp                 Summ           #.......     11%         2    None
 Slow                     Hex            #.......     17%         2    None
 Sublimation of Blood     Necr           #.........   17%         2    None
 Vampiric Draining        Necr           #.........   32%         3    ##.....
 Blink                    Tloc           Unusable     N/A         2    N/A

Dungeon Overview and Level Annotations

Branches:
Dungeon (7/15)             Temple (1/1) D:4           Sewer (visited)
Ossuary (visited)

Altars:
Cheibriados
Fedhas
Kikubaaqudgha
Okawaru
Ru
Uskayaw
Vehumet
Xom
Yredelemnul
Zin

Shops:
D:7 [


Innate Abilities, Weirdness & Mutations

You cannot be hasted, slowed, berserked, paralysed or teleported.
You can dig through walls and to a lower floor.
Your four strong arms can wield two-handed weapons with a shield.
You have a pair of large antennae on your head. (SInv)


Message History

a cursed +0 scimitar a +0 robe 4 stones The wight zaps a wand.
You are blasted!
There is an open door, spattered with blood here.
You see here a big kobold corpse.
There is a stone staircase leading up here.
Casting: Conjure Flame (dangerous; 3% risk of failure)
Confirm with . or Enter, or press ? or * to list all spells.
Aiming: Magic Dart (safe; 1% risk of failure)
Press: ? - help, Shift-Dir - straight line, f - wight
Aim: a wight, wielding a +4 scimitar of freezing, wearing a +0 robe and carrying a wand of disintegration (7)
The magic dart hits the wight but does no damage.
The wight zaps a wand.
You are blasted!
The wight zaps a wand.
You are blasted!
You die...
Kikubaaqudgha rasps: "You have failed me!
Welcome... death!"

#.#.#.....{....#
###.#.....F.{.z.{z
..#.###.##)#######
#.#.# #.##.##{.{..
###.#.# #.##.##.....
#...#.# #.##.##.....
#...#.###.##z##.....
#...#(#...##.######.
#..@†∩÷..§##.######.
#...#'####z(...^....
#.....# ##########.
#...### #...# #...#
#...# #####


You could see a wight.

Vanquished Creatures
  Pikel (D:6)
  Grinder (D:6)
  A hippogriff (D:6)
  A wraith (Ossuary)
  Eustachio (D:5)
  A phantom (D:4)
  3 orc warriors (D:6)
  2 slaves (D:6)
  2 big kobolds
  3 bullfrogs
  A scorpion (D:6)
  3 wights (D:7)
  A crimson imp (D:6)
  3 hounds
  6 orc priests
  Crazy Yiuf (D:2)
  An orc wizard (D:6)
  Ijyb (D:5)
  An iguana (D:5)
  A worker ant (D:5)
  2 mummies
  A worker ant zombie (D:5)
  3 gnolls (D:2)
  8 adders
  6 river rats
  An ooze (D:1)
  An adder zombie (D:5)
  An adder skeleton (D:5)
  A worm (D:4)
  3 dart slugs
  3 leopard geckos
  36 orcs
  2 ball pythons
  9 bats
  4 giant cockroaches
  9 goblins
  9 hobgoblins
  5 jackals
  8 kobolds
  3 quokkas
  A ball python skeleton (D:4)
  6 frilled lizards
  4 gnoll skeletons (Ossuary)
  9 kobold skeletons (Ossuary)
  12 orc skeletons (Ossuary)
  A quokka skeleton (D:5)
  7 rats
190 creatures vanquished.

Vanquished Creatures (others)
  2 slaves (D:6)
2 creatures vanquished.

Grand Total: 192 creatures vanquished

Notes
Turn   | Place    | Note
-------+----------+-------------------------------------------
     0 | D:1      | DildoBatman the Formicid Wizard began the quest for the
                  | Orb.
     0 | D:1      | Reached XP level 1. HP: 13/13 MP: 4/4
    10 | D:1      | Reached skill level 1 in Conjurations
   246 | D:1      | Reached XP level 2. HP: 19/19 MP: 3/6
   458 | D:1      | Reached skill level 2 in Conjurations
   718 | D:1      | Reached XP level 3. HP: 8/24 MP: 0/7
   723 | D:1      | Learned a level 3 spell: Conjure Flame
   727 | D:1      | Learned a level 3 spell: Mephitic Cloud
  1057 | D:2      | Reached skill level 3 in Conjurations
  1058 | D:2      | Reached XP level 4. HP: 30/30 MP: 1/8
  1568 | D:2      | Found a runed translucent door.
  1569 | D:2      | Noticed Crazy Yiuf
  1856 | D:2      | Reached skill level 4 in Conjurations
  1856 | D:2      | Reached XP level 5. HP: 31/35 MP: 4/9
  2404 | D:3      | Found a blossoming altar of Fedhas.
  2638 | D:3      | Found a glowing silver altar of Zin.
  3029 | D:4      | Found a staircase to the Ecumenical Temple.
  3042 | Temple   | Entered the Ecumenical Temple
  3049 | Temple   | Became a worshipper of Kikubaaqudgha
  3072 | D:4      | Noticed a phantom
  3236 | D:4      | Reached XP level 6. HP: 29/41 MP: 3/10
  3243 | D:4      | Reached skill level 5 in Conjurations
  3373 | D:4      | Found a glowing drain.
  3377 | Sewer    | Entered a sewer
  3460 | Sewer    | Reached skill level 1 in Fire Magic
  3460 | Sewer    | Reached skill level 1 in Air Magic
  3489 | Sewer    | Found a glowing silver altar of Zin.
  3709 | D:3      | Reached * piety under Kikubaaqudgha
  3709 | D:3      | Identified Kikubaaqudgha's Disquisition on Evil
                  | (Kikubaaqudgha gifted it to you on level 3 of the Dungeon)
  3709 | D:3      | Received a gift from Kikubaaqudgha
  3896 | D:2      | Killed Crazy Yiuf
  3896 | D:2      | Reached XP level 7. HP: 46/46 MP: 2/11
  4117 | D:4      | Found a snail-covered altar of Cheibriados.
  4596 | D:5      | Entered Level 5 of the Dungeon
  4603 | D:5      | Noticed Eustachio
  4620 | D:5      | Killed Eustachio
  4819 | D:5      | Noticed Ijyb
  4831 | D:5      | Killed Ijyb
  4866 | D:5      | Reached skill level 6 in Conjurations
  4877 | D:5      | Reached XP level 8. HP: 25/52 MP: 4/12
  5688 | D:6      | Noticed Pikel
  5806 | D:6      | Found a sand-covered staircase.
  5833 | Ossuary  | Entered an ossuary
  5833 | Ossuary  | Noticed a wraith
  5833 | Ossuary  | Noticed a wraith
  5833 | Ossuary  | Noticed a wraith
  5852 | Ossuary  | Reached ** piety under Kikubaaqudgha
  5926 | Ossuary  | Noticed a wraith
  6500 | Ossuary  | Killed a wraith
  6826 | D:6      | Reached skill level 5 in Fire Magic
  7046 | D:6      | Reached XP level 9. HP: 51/58 MP: 6/15
  7237 | D:6      | Reached skill level 1 in Fighting
  7237 | D:6      | Reached skill level 1 in Armour
  7416 | D:6      | Killed Pikel
  7591 | D:6      | Noticed Grinder
  7634 | D:6      | Found a blossoming altar of Fedhas.
  7760 | D:6      | Killed Grinder
  7760 | D:6      | Reached skill level 5 in Spellcasting
  7783 | D:6      | Noticed a hippogriff
  7949 | D:6      | Killed a hippogriff
  7949 | D:6      | Reached skill level 5 in Air Magic
  8109 | D:7      | Found Sesaodod's Armour Shop.
  8246 | D:7      | Blown up by a wight

Illustrated notes

Levels and vault maps discovered:
D:1:      co_arrival_square_in_a_square_in_a_square, layout_loops_ring
D:2:      layout_basic, first_ration, uniq_crazy_yiuf_cottage
D:3:      layout_loops_corners, lemuel_coloured_pillars_altar, fedhas_altar_1
D:4:      layout_basic, minmay_temple_entry_trees, lightli_sewer_entry_pipes,
          kennysheep_slug_shrine
D:5:      layout_basic, uniq_ijyb, uniq_eustachio
D:6:      layout_gridville, lemuel_crystal_altar, gup_ossuary_entry_pyramid,
          uniq_pikel, uniq_grinder
D:7:      cheibrodos_helix_gallery, layout_basic, overflow_temple_1_default,
          serial_shops, nicolae_shop_behind_doors
Temple:   cyrus_circular_temple

Skill      XL: |  1  2  3  4  5  6  7  8  9 |
---------------+----------------------------+-----
Conjurations   | 1 2 3 4 5 6 |  6.0
Fire Magic     | 1 3 5 |  5.0
Air Magic      | 1 2 4 5 |  5.0
Spellcasting   | 4 5 |  5.4
Dodging        | 2 3 |  3.6
Fighting       | 3 |  3.6
Armour         | 3 |  3.7
Stealth        | |  2.4
Summonings     | |  1.0
Translocations | |  0.8

Action                   |  1- 3 |  4- 6 |  7- 9 || total
-------------------------+-------+-------+-------++-------
Melee: Dagger            |    15 |     3 |    27 ||    45
       Halberd           |       |     6 |    10 ||    16
       Quarterstaff      |       |    29 |    75 ||   104
       Falchion          |       |       |     6 ||     6
 Fire: Hunting sling     |       |    85 |   305 ||   390
 Cast: Magic Dart        |    56 |   129 |   109 ||   294
       Mephitic Cloud    |       |     8 |    32 ||    40
       Conjure Flame     |       |     2 |    38 ||    40
 Abil: Dig               |       |     2 |    18 ||    20
Evoke: Wand              |       |       |     1 ||     1
  Use: Scroll            |       |     5 |     1 ||     6
       Potion            |       |     2 |       ||     2
 Stab: Confused          |       |     1 |     6 ||     7
  Eat: Chunk             |       |    10 |    18 ||    28
       Ration            |       |       |     1 ||     1
Armor: Robe              |     4 |     6 |    16 ||    26
Dodge: Dodged            |    22 |    56 |    78 ||   156
